 Dungeon Crawl Stone Soup version 0.29-a0-378-gc08b2e8bf8 (webtiles) character file.

Game seed: 4827395352783932878

821 Kamotiq the Skirmisher (level 8, -14/68 HPs)
             Began as a Formicid Monk on May 4, 2022.
             Was a Follower of Ashenzari.
             Demolished by Duvessa
             ... wielding a +0 short sword
              (15 damage)
             ... on level 4 of the Dungeon.
             The game lasted 00:06:58 (5061 turns).

Kamotiq the Skirmisher (Formicid Monk)              Turns: 5061, Time: 00:06:58

Health: -14/68     AC: 10    Str: 27    XL:     8   Next: 16%
Magic:  8/8        EV: 10    Int:  9    God:    Ashenzari [*.....]
Gold:   223        SH:  0    Dex: 21    Spells: 7/7 levels left

rFire   . . .      SeeInvis +   a - +5 hand axe (vorpal)
rCold   . . .      Faith    .   (no shield)
rNeg    . . .      Spirit   .   m - +0 chain mail
rPois   .          Reflect  .   (helmet unavailable)
rElec   .          Harm     .   (no cloak)
rCorr   .          Rampage  .   w - +0 pair of gloves
Will    .....                   g - +0 pair of boots
Stlth   ..........              (no amulet)
HPRegen 0.21/turn               i - ring of the Wild Blue Yonder {Dex+6, Self, Range} (curse)
MPRegen 0.11/turn               k - ring of Ashenzari's Yoke {Str+6, Self, Elem} (curse)

@: no status effects
A: permanent stasis, dig shafts and tunnels, antennae 3, four strong arms,
screaming 1, strong 2
a: Dig, Shaft Self, Renounce Religion, Shatter the Chains


You were on level 4 of the Dungeon.
You worshipped Ashenzari.
Ashenzari was aware of your devotion.
You visited 2 branches of the dungeon, and saw 5 of its levels.

You collected 223 gold pieces.

Inventory:

Hand Weapons
 a - a +5 vorpal hand axe (weapon)
   (You took it off an orc on level 2 of the Dungeon)
 p - a +0 falchion
Armour
 g - a +0 pair of boots (worn)
   (You found it on level 1 of the Dungeon)
 m - a +0 chain mail (worn)
   (You found it on level 1 of the Dungeon)
 w - a +0 pair of gloves (worn)
   (You found it on level 4 of the Dungeon)
Jewellery
 f - a ring of fire
   (You found it on level 1 of the Dungeon)
 i - the cursed ring of the Wild Blue Yonder (left hand) {Dex+6, Self, Range}
   (You found it on level 1 of the Dungeon)

   [ring of dexterity]

   Dex:       It affects your dexterity (+6).
   It has a curse which improves the following skills: Introspection: Fighting
   and Spellcasting.
   Ranged Combat: Slings, Bows, Crossbows and Throwing.
 k - the cursed ring of Ashenzari's Yoke (right hand) {Str+6, Self, Elem}
   (You found it on level 1 of the Dungeon)

   [ring of strength]

   Str:       It affects your strength (+6).
   It has a curse which improves the following skills: Introspection: Fighting
   and Spellcasting.
   Elements:  Fire Magic, Ice Magic, Air Magic and Earth Magic.
Scrolls
 b - a scroll of poison {!r}
 o - a scroll of fear
 u - a scroll of noise {!r}
 v - a scroll of fog
Potions
 c - a potion of ambrosia
 d - a potion of brilliance
 e - 2 potions of degeneration {!q}
 r - a potion of curing {@q1}
 s - a potion of mutation {!q}
 t - a potion of might


   Skills:
 - Level 6.7(8.0) Fighting
 - Level 4.1 Long Blades
 * Level 6.0 Axes
 - Level 2.6 Dodging
 - Level 2.4 Stealth


You had 7 spell levels left.
You didn't know any spells.
Your spell library was empty.

Dungeon Overview and Level Annotations

Branches:
Dungeon (4/15)             Temple (1/1) D:4

Altars:
Ashenzari
Dithmenos
Elyvilon
Hepliaklqana
Makhleb
Okawaru
Qazlal
Ru
Trog
Uskayaw
Vehumet
Zin
The Shining One

Annotations:
D:4 Duvessa, Pikel


Innate Abilities, Weirdness & Mutations

You cannot be hasted, slowed, berserked, paralysed or teleported.
You can dig through walls and to a lower floor.
You have a pair of large antennae on your head. (SInv)
Your four strong arms can wield two-handed weapons with a shield.
You occasionally shout uncontrollably at your foes.
Your muscles are very strong. (Str +4)


Message History

Duvessa shouts!
You slash Dowan!
Dowan points at Duvessa and mumbles some strange words.
Duvessa seems to speed up.
You hit Dowan but do no damage.
Dowan drinks a potion.
Dowan seems to grow stronger.
You slash Dowan!
You kill Dowan!
Duvessa screams, "No!
How DARE you!"
Duvessa goes berserk!
Your Axes skill increases to level 6!
Items here: $ ) ? [.
You hit Duvessa. Duvessa barely misses you.
Duvessa hits you with a +0 short sword!
You slash Duvessa! Duvessa hits you with a +0 short sword!
You are too injured to fight recklessly!
You are too injured to fight recklessly!
You are too injured to fight recklessly!
You are too injured to fight recklessly!
You are too injured to fight recklessly!
You are too injured to fight recklessly!
You are too injured to fight recklessly!
You are too injured to fight recklessly!
You are too injured to fight recklessly!
You are too injured to fight recklessly!
You are too injured to fight recklessly!
You are too injured to fight recklessly!
You are too injured to fight recklessly!
You are too injured to fight recklessly!
You are too injured to fight recklessly!
You are too injured to fight recklessly!
You are too injured to fight recklessly!
You are too injured to fight recklessly!
Okay, then.
You completely miss Duvessa. Duvessa hits you with a +0 short sword!
* * * LOW HITPOINT WARNING * * *
Duvessa hits you but does no damage.
You hit Duvessa. Duvessa hits you with a +0 short sword!
* * * LOW HITPOINT WARNING * * *
You hit Duvessa. Duvessa barely misses you.
Duvessa hits you with a +0 short sword!
* * * LOW HITPOINT WARNING * * *
You hit Duvessa. Duvessa hits you with a +0 short sword.
* * * LOW HITPOINT WARNING * * *
A jackal comes into view.
You slash Duvessa! Duvessa hits you with a +0 short sword.
* * * LOW HITPOINT WARNING * * *
Duvessa barely misses you.
You closely miss Duvessa. Duvessa hits you with a +0 short sword!
You die...

............#....................
###.#.#.##.##.###################
...........##.#
.......##..##.##########
.......................#
............#..........####
..............8.....8......
.......................# #
...#########...e@......#### #.
.############.............# ..#
.##..............>.....##.# .
.##.#######.#).....=......#######
......# ###...8.....8.###........
.#..#.###.#h....................#
.#...............#...#..........#
.#..#..<#.#......###.#..........#
......###.#.###..# #.#..........#


You could see Duvessa (berserk, fast) and a jackal.

Vanquished Creatures
  Grinder (D:4)
  A black bear (D:4)
  A lemure (D:4)
  Blork the orc (D:4)
  Dowan (D:4)
  A hound (D:4)
  An orc priest (D:4)
  An iguana (D:4)
  Natasha (thrice) (D:2)
  2 orc wizards (D:4)
  5 gnolls
  5 adders
  2 worms
  2 dart slugs (D:3)
  7 orcs
  7 endoplasms
  5 giant cockroaches
  18 goblins
  10 hobgoblins
  4 jackals (D:4)
  3 quokkas
  7 ball pythons
  2 bats
  3 frilled lizards (D:1)
  3 kobolds
  3 rats
99 creatures vanquished.

Vanquished Creatures (others)
  9 plants (D:2)
9 creatures vanquished.

Grand Total: 108 creatures vanquished

Notes
Turn   | Place    | Note
-------+----------+-------------------------------------------
     0 | D:1      | Kamotiq the Formicid Monk began the quest for the Orb.
     0 | D:1      | Reached XP level 1. HP: 18/18 MP: 1/1
   142 | D:1      | Reached XP level 2. HP: 24/24 MP: 2/2
   686 | D:1      | Reached XP level 3. HP: 25/30 MP: 3/3
  1154 | D:2      | Noticed Natasha
  1161 | D:2      | Killed Natasha
  1162 | D:2      | Reached XP level 4. HP: 26/38 MP: 4/4
  1778 | D:2      | Noticed Natasha
  1785 | D:2      | Killed Natasha
  1786 | D:2      | Reached skill level 1 in Axes
  1786 | D:2      | Reached XP level 5. HP: 39/43 MP: 5/5
  1926 | D:2      | Noticed Natasha
  1932 | D:2      | Killed Natasha
  1933 | D:2      | Reached skill level 5 in Fighting
  3190 | D:4      | Reached XP level 6. HP: 44/51 MP: 6/6
  3266 | D:4      | Noticed Blork the orc
  3266 | D:4      | Noticed a black bear
  3274 | D:4      | Gained mutation: Your muscles are strong. (Str +2) [potion
                  | of mutation]
  3274 | D:4      | Gained mutation: Your muscles are very strong. (Str +4)
                  | [potion of mutation]
  3274 | D:4      | Gained mutation: You occasionally shout uncontrollably at
                  | your foes. [potion of mutation]
  3278 | D:4      | Killed Blork the orc
  3284 | D:4      | Killed a black bear
  3599 | D:4      | Reached XP level 7. HP: 57/57 MP: 7/7
  3616 | D:4      | Noticed Dowan
  3617 | D:4      | Noticed Duvessa
  3868 | D:4      | Found a sacrificial altar of Ru.
  4567 | D:4      | Noticed Pikel
  4663 | D:4      | Found a staircase to the Ecumenical Temple.
  4671 | Temple   | Entered the Ecumenical Temple
  4753 | Temple   | Became a worshipper of Ashenzari the Shackled
  4909 | D:4      | Reached * piety under Ashenzari
  5022 | D:4      | Noticed Grinder
  5032 | D:4      | Killed Grinder
  5033 | D:4      | Reached skill level 5 in Axes
  5033 | D:4      | Reached XP level 8. HP: 59/68 MP: 8/8
  5052 | D:4      | Killed Dowan
  5060 | D:4      | HP: 1/68 [Duvessa/+0 short sword (5)]
  5061 | D:4      | Demolished by Duvessa

Illustrated notes

Levels and vault maps discovered:
D:1:      beargit_arrival_diablo_church, layout_basic, hangedman_glass_teeth,
          dk_noncrumbling_3
D:2:      layout_basic, serial_forest, infiniplex_forest_split,
          infiniplex_forest_lined_2, infiniplex_forest_end_2,
          infiniplex_forest_clump_double, infiniplex_forest_clump_small,
          infiniplex_forest_clump_C, chequers_hall_statues_y, feat_on_display,
          uniq_natasha
D:3:      layout_loops_ring, grunt_decor_clamped,
          hangedman_abyss_or_decor_stabs, hex_medium, kennysheep_another_room,
          grunt_decor_resistance
D:4:      layout_basic, nicolae_ru_the_path_less_chosen, temple_statues,
          st_stairs_1, minmay_goblin_outpost, uniq_pikel, uniq_blork_the_orc,
          uniq_duvessa, uniq_grinder
Temple:   nicolae_temple_hex_pool

Skill      XL: |  1  2  3  4  5  6  7  8 |
---------------+-------------------------+-----
Fighting       | 4 5 6 |  6.7
Long Blades    | 4 |  4.1
Axes           | 1 2 3 5 6 |  6.0
Dodging        | |  2.6
Stealth        | |  2.4

Action                   |  1- 3 |  4- 6 |  7- 9 || total
-------------------------+-------+-------+-------++-------
Melee: Falchion          |    48 |    20 |       ||    68
       Hand axe          |       |    59 |    93 ||   152
 Fire: Hunting sling     |    24 |       |     1 ||    25
Invok: Curse Item        |       |       |     2 ||     2
  Use: Potion            |       |     1 |       ||     1
       Scroll            |       |       |     6 ||     6
 Stab: Sleeping          |     4 |       |       ||     4
Armor: Robe              |     8 |       |       ||     8
       Chain mail        |    15 |    31 |    30 ||    76
Dodge: Dodged            |    32 |    25 |    34 ||    91

Table legend: (Time is in decaauts)
 A = Elapsed time spent in this place.
 B = Non-inter-level travel time spent in this place.
 C = Inter-level travel time spent in this place.
 D = Time resting spent in this place.
 E = Time spent auto-exploring this place.
 F = Levels seen in this place.
 G = Mean time per level.
                   A        B        C        D        E       F      G
               +--------+--------+--------+--------+--------+-----+--------+
         Total |   5099 |   4868 |    231 |    884 |   3226 |   5 | 1019.8 |
       Dungeon |   5005 |   4794 |    211 |    884 |   3165 |   4 | 1251.2 |
        Temple |     93 |     74 |     19 |      0 |     61 |   1 |   93.0 |
               +--------+--------+--------+--------+--------+-----+--------+

Top non-repeatable levels by time:
     D:4: 1667 daAuts
     D:2: 1214 daAuts
     D:1: 1111 daAuts
     D:3: 1012 daAuts
  Temple: 93 daAuts
